[Event "*** Titled Tuesday 3|2 Blitz"]
[Site "Chess.com"]
[Date "2016.04.05"]
[Round "1"]
[White "Keranke"]
[Black "Saitama_Hero"]
[Result "1-0"]
[WhiteElo "2562"]
[BlackElo "2255"]
[TimeControl "180+2"]
[EndTime "11:35:04 PDT"]
[Termination "Keranke won by resignation"]

1. d4 Nf6 2. c4 g6 3. g3 Bg7 4.
Bg2 O-O 5. Nf3 d6 6. O-O Nc6 7. Nc3 a6 8. Bf4 Rb8 9. Rc1 Bd7 10. Qd2 b5 11. Nd5 bxc4 12. Nxf6+ Bxf6 13. Rxc4 e5 14. dxe5 dxe5 15. Bh6 Re8 16. Rd1 Nd4 17. Nxd4 exd4 18. Rxd4 Re7 19. Rxd7 1-0

[Event "*** Titled Tuesday 3|2 Blitz"]
[Site "Chess.com"]
[Date "2016.04.05"]
[Round "1"]
[White "GM_Levan_Pantsulaia"]
[Black "BjarkeSahl"]
[Result "1-0"]
[WhiteElo "2425"]
[BlackElo "2105"]
[TimeControl "180+2"]
[EndTime "11:35:26 PDT"]
[Termination "GM_Levan_Pantsulaia won by resignation"]

1. Nf3 d5 2. c4 d4 3. g3 c5 4. e3 Nc6 5. exd4 cxd4 6. d3 g6 7. Bg2 Bg7 8. O-O Nh6 9. Re1 O-O 10. Na3 Nf5 11. Nc2 a5 12. a3 h5 13. Bd2 a4 14. Nb4 Bd7 15. Bg5 Na5 16. Nd5 Nb3 17.
Nxe7+ Nxe7 18. Bxe7 Qb6 19. Bxf8 Rxf8 20. Rb1 Bf5 21. Nh4 Be6 22. Nxg6 1-0

[Event "*** Titled Tuesday 3|2 Blitz"]
[Site "Chess.com"]
[Date "2016.04.05"]
[Round "1"]
[White "Izoria123"]
[Black "Er_is_geen_hoop_meer"]
[Result "1-0"]
[WhiteElo "2593"]
[BlackElo "2296"]
[TimeControl "180+2"]
[EndTime "11:36:11 PDT"]
[Termination "Izoria123 won by resignation"]

1. d4 Nf6 2. Nf3 g6 3. Bf4 Bg7 4. e3 O-O 5. h3 b6 6. Be2 Bb7 7. O-O c5 8. c3 cxd4 9. cxd4 d6 10. Nc3 Ne4 11. Rc1 Nd7 12. Nxe4 Bxe4 13. Qa4 Nf6 14. Ba6 Nd5 15. Bh2 Bxf3 16. gxf3 Rb8 17. a3 e5 18. dxe5 dxe5 19. Rfd1 Qg5+ 20. Qg4 Qxg4+ 21. fxg4 Rfd8 22.
Bc4 Ne7 23. Bb3 Kf8 24. Rxd8+ Rxd8 25. Rc7 a5 26. Rb7 Nc8 27. Rxf7+ Ke8 28. Rxg7 Rd2 29. Bxe5 b5 30. Bc3 Rd6 31. Bxa5 1-0

[Event "*** Titled Tuesday 3|2 Blitz"]
[Site "Chess.com"]
[Date "2016.04.05"]
[Round "1"]
[White "Anton_Demchenko"]
[Black "TomsKantans"]
[Result "1-0"]
[WhiteElo "2663"]
[BlackElo "2354"]
[TimeControl "180+2"]
[EndTime "11:36:42 PDT"]
[Termination "Anton_Demchenko won by resignation"]

1. e4 c5 2. Nf3 Nf6 3. Nc3 Nc6 4.
Bb5 Qc7 5. O-O Nd4 6. Re1 a6 7. Bc4 d6 8. h3 g6 9. d3 Bg7 10.
Bf4 e5 11. Bg5 Be6 12. Bxf6 Bxf6 13. Nd5 Bxd5 14. Bxd5 O-O 15. c3 Nxf3+ 16. Qxf3 Kg7 17. g3 Rab8 18. a4 b6 19. h4 h6 20. h5 g5 21.
Bc4 b5 22. axb5 axb5 23. Bd5 Be7 24. Ra6 Rb6 25. Ra2 b4 26. c4 1-0

[Event "*** Titled Tuesday 3|2 Blitz"]
[Site "Chess.com"]
[Date "2016.04.05"]
[Round "1"]
[White "SmarterChess"]
[Black "JustaTrickstar"]
[Result "0-1"]
[WhiteElo "2135"]
[BlackElo "2456"]
[TimeControl "180+2"]
[EndTime "11:37:10 PDT"]
[Termination "JustaTrickstar won by resignation"]

1. e4 c5 2. Nf3 Nc6 3. d4 cxd4 4. Nxd4 Nf6 5. Nc3 d6 6. Bb5 Bd7 7. Bxc6 bxc6 8. O-O g6 9. Bg5 Bg7 10. Qd2 h6 11. Be3 Ng4 12. Bf4 e5 13. h3 exd4 14. hxg4 dxc3 15. Qxd6 Qe7 16. bxc3 Qxd6 17. Bxd6 Bxg4 18.
f3 Be6 19. Rab1 Bf8 20. Be5 Bc5+ 21. Kh1 O-O 22. Rb7 Bxa2 23. g4 Rfd8 24. Kg2 Rd2+ 25.
Kg3 Bd6 26. Bxd6 Rxd6 27. e5 Rd2 28. e6 Bxe6 29. Rh1 Rxc2 30. Rxh6 Rxc3 31. g5 Bd5 32. Kh4 Rxf3 0-1

[Event "*** Titled Tuesday 3|2 Blitz"]
[Site "Chess.com"]
[Date "2016.04.05"]
[Round "1"]
[White "Spas_Kozhuharov"]
[Black "Cecile_Haussernot"]
[Result "1-0"]
[WhiteElo "2479"]
[BlackElo "2162"]
[TimeControl "180+2"]
[EndTime "11:37:15 PDT"]
[Termination "Spas_Kozhuharov won by resignation"]

1. d4 Nf6 2. c4 e6 3. Nc3 Bb4 4. Qc2 O-O 5. a3 Bxc3+ 6. Qxc3 Ne4 7. Qc2 d5 8. Nf3 b6 9. g3 Ba6 10. cxd5 exd5 11. Bg2 Re8 12. O-O c5 13. Rd1 c4 14.
Ne5 Nf6 15. Bg5 h6 16. Bxf6 gxf6 17. Ng4 Kg7 18. Ne3 Rxe3 19. fxe3 Nc6 20. e4 Ne7 21. exd5 Qd6 22. e4 Rc8 23. Qc3 b5 24.
e5 Qb6 25. d6 Ng6 26. Kh1 Bb7 27. Rf1 fxe5 28. dxe5 Bxg2+ 29. Kxg2 Qc6+ 30. Kh3 Kh7 31. Rxf7+ Kg8 32. e6 1-0

[Event "*** Titled Tuesday 3|2 Blitz"]
[Site "Chess.com"]
[Date "2016.04.05"]
[Round "1"]
[White "KNVB"]
[Black "saraswathii"]
[Result "1-0"]
[WhiteElo "2382"]
[BlackElo "1966"]
[TimeControl "180+2"]
[EndTime "11:37:28 PDT"]
[Termination "KNVB won by resignation"]

1. d4 Nf6 2. c4 g6 3. Nc3 Bg7 4. e4 d6 5. f3 O-O 6. Be3 Nfd7 7.
Nge2 e5 8. Qd2 c6 9. O-O-O Na6 10. Kb1 Qe7 11. d5 c5 12. Nb5 Nb6 13. Nec3 Bd7 14.
Be2 Rfc8 15. h4 h5 16. g4 hxg4 17. fxg4 Nc7 18. Nxc7 Rxc7 19. h5 Na4 20. Nxa4 Bxa4 21. Rdf1 Be8 22. hxg6 fxg6 23. Bg5 Qd7 24. Qe3 Bf7 25.
Qh3 a6 26. Qh7+ Kf8 27. Qxg6 Qe8 28. Rh7 1-0

[Event "*** Titled Tuesday 3|2 Blitz"]
[Site "Chess.com"]
[Date "2016.04.05"]
[Round "1"]
[White "ZEN-22"]
[Black "alturas_pacificas"]
[Result "1-0"]
[WhiteElo "2400"]
[BlackElo "2093"]
[TimeControl "180+2"]
[EndTime "11:37:39 PDT"]
[Termination "ZEN-22 won by checkmate"]

1. e4 g6 2. h4 h6 3. d4 Bg7 4.
h5 g5 5. f4 gxf4 6. Bxf4 d6 7.
Nf3 Nd7 8. e5 dxe5 9. dxe5 e6 10. Nc3 Ne7 11. Bb5 c6 12. Bc4 Nd5 13. Qd2 a6 14.
Ne4 O-O 15. Bxh6 Nxe5 16. Bxg7 Nxf3+ 17. gxf3 Kxg7 18. Rg1+ Kh7 19. Ng5+ Kh8 20. Bxd5 exd5 21. Qd4+ f6 22. O-O-O Bf5 23. Rde1 Qd7 24. Qf4 fxg5 25. Rxg5 Rae8 26. Rxe8 Rxe8 27. Rxf5 Re1+ 28. Kd2 Qe7 29.
Rf8+ Kg7 30. h6+ Kg6 31. Rg8+ Kh5 32. Qg4+ Kxh6 33. Qg6# 1-0

[Event "*** Titled Tuesday 3|2 Blitz"]
[Site "Chess.com"]
[Date "2016.04.05"]
[Round "1"]
[White "Pomoc"]
[Black "amaidel"]
[Result "0-1"]
[WhiteElo "2146"]
[BlackElo "2462"]
[TimeControl "180+2"]
[EndTime "11:37:56 PDT"]
[Termination "amaidel won by resignation"]

1. e4 e5 2. Nf3 Nc6 3. Nc3 g6 4. d4 exd4 5. Nxd4 Bg7 6. Be3 Nf6 7. f3 O-O 8. Qd2 d5 9. Nxc6 bxc6 10. O-O-O Be6 11.
e5 Nd7 12. f4 f6 13. Bd4 fxe5 14. fxe5 Nxe5 15. Be2 Qd6 16. Rhf1 c5 17. Bxe5 Qxe5 18.
Bf3 c6 19. Rfe1 Qf6 20. Rf1 Qh4 21. Kb1 Rab8 22. Rde1 Rxb2+ 23. Kxb2 Qb4+ 24. Kc1 Bxc3 25. Qd3 Bxe1 0-1

[Event "*** Titled Tuesday 3|2 Blitz"]
[Site "Chess.com"]
[Date "2016.04.05"]
[Round "1"]
[White "AlexanderL"]
[Black "cheese111"]
[Result "1-0"]
[WhiteElo "2574"]
[BlackElo "2290"]
[TimeControl "180+2"]
[EndTime "11:37:57 PDT"]
[Termination "AlexanderL won on time"]

1. d4 Nf6 2. Bf4 g6 3. e3 Bg7 4.
h3 d6 5. Nf3 O-O 6. Be2 c5 7.
O-O Qb6 8. Na3 Be6 9. Ng5 Qxb2 10. Nxe6 fxe6 11. Nb5 Nd5 12. Bc4 Nc3 13. Nxc3 Qxc3 14.
Bxe6+ Kh8 15. Rb1 cxd4 16. Rxb7 Nc6 17. Bd5 dxe3 18. Bxe3 Rac8 19. Bxc6 Qxc6 20. Rxe7 Qxc2 21. Bd4 Rg8 22. Qa1 1-0

[Event "*** Titled Tuesday 3|2 Blitz"]
[Site "Chess.com"]
[Date "2016.04.05"]
[Round "1"]
[White "MateusViageiro"]
[Black "JusticeBot"]
[Result "1-0"]
[WhiteElo "2279"]
[BlackElo "2548"]
[TimeControl "180+2"]
[EndTime "11:38:09 PDT"]
[Termination "MateusViageiro won by resignation"]

1. e4 e5 2. Nf3 Nc6 3. Bb5 a6 4. Ba4 Nf6 5. Bxc6 dxc6 6. d3 Qe7 7. Nbd2 Bg4 8. h3 Bh5 9. g4 Bg6 10. Nc4 Nd7 11. Qe2 f6 12. Bd2 O-O-O 13. O-O-O Kb8 14.
Kb1 Nc5 15. Nh4 Bf7 16. Nf5 Qe6 17. b3 g6 18. Ng3 b6 19. f4 a5 20. fxe5 fxe5 21.
Rhf1 Bg7 22. Qf2 Rhf8 23. Nxa5 Nxd3 24. cxd3 bxa5 25. Bxa5 Kb7 26. Bb4 Bh6 27. Bxf8 Rxf8 28. Qc5 Ra8 29. Ne2 Rxa2 30. Qb4+ Kc8 31. Kxa2 c5 32. Qc4 1-0

[Event "*** Titled Tuesday 3|2 Blitz"]
[Site "Chess.com"]
[Date "2016.04.05"]
[Round "1"]
[White "yurisolo"]
[Black "Rating-Schmating"]
[Result "1-0"]
[WhiteElo "2542"]
[BlackElo "2235"]
[TimeControl "180+2"]
[EndTime "11:38:18 PDT"]
[Termination "yurisolo won by checkmate"]

1. e4 e6 2. d4 d5 3. Nc3 Bb4 4.
Ne2 Nf6 5. e5 Nfd7 6. f4 c5 7.
a3 Bxc3+ 8. bxc3 Nc6 9. g3 a5 10. Bh3 a4 11. O-O c4 12. f5 Nf8 13. f6 g6 14. Bh6 Bd7 15. Kg2 Qc7 16. Ng1 O-O-O 17.
Nf3 Be8 18. Ng5 Nd7 19. Bxe6 Nxe5 20. dxe5 Qxe5 21. Bg4 Kc7 22. Nxf7 Qxc3 23. Nxh8 Nxf6 24. Bf4+ Kb6 25. Rb1+ Ka7 26. Bd2 Qd4 27. Bf3 Bc6 28. Re1 Ka8 29. Nf7 Rf8 30. Ne5 Ne4 31. Bxe4 dxe4 32.
Nxc6 Qf2+ 33. Kh1 bxc6 34. Be3 Qf5 35. Qd4 Qf3+ 36. Kg1 Rf7 37. Qd8# 1-0

[Event "*** Titled Tuesday 3|2 Blitz"]
[Site "Chess.com"]
[Date "2016.04.05"]
[Round "1"]
[White "HKBurwell"]
[Black "Alex_Stripunsky"]
[Result "1-0"]
[WhiteElo "2440"]
[BlackElo "2055"]
[TimeControl "180+2"]
[EndTime "11:38:28 PDT"]
[Termination "HKBurwell won by checkmate"]

1. d4 d5 2. c4 c6 3. Nc3 Nf6 4. e3 e6 5. Nf3 Nbd7 6. b3 Bb4 7. Bd2 Bd6 8. Be2 O-O 9. O-O b6 10. Bd3 Bb7 11. e4 dxe4 12. Nxe4 Nxe4 13. Bxe4 f5 14.
Bc2 c5 15. Bc3 Qc7 16. h3 Rad8 17. Ng5 Rde8 18. Re1 e5 19. d5 e4 20. Qh5 Nf6 21. Bxf6 gxf6 22. Ne6 Rxe6 23. dxe6 Be5 24. Rad1 Qg7 25.
Rd7 Qg6 26. Qxg6+ hxg6 27. Rxb7 Re8 28. e7 Bd4 29. Kf1 Kf7 30. g4 Ke6 31. f3 e3 32.
gxf5+ gxf5 33. Ke2 Ke5 34. Rg1 Kf4 35. Rg7 Rh8 36.
Rd7 Rxh3 37. Rg2 Rh1 38. e8=Q Rc1 39. Rxd4+ cxd4 40. Qb8# 1-0

[Event "*** Titled Tuesday 3|2 Blitz"]
[Site "Chess.com"]
[Date "2016.04.05"]
[Round "1"]
[White "Paralinch"]
[Black "volodja49"]
[Result "1-0"]
[WhiteElo "2572"]
[BlackElo "2281"]
[TimeControl "180+2"]
[EndTime "11:38:33 PDT"]
[Termination "Paralinch won on time"]

1. e4 e6 2. d4 d5 3. Nc3 Bb4 4. e5 Qd7 5. Bd2 b6 6. Nce2 Bxd2+ 7.
Qxd2 Ba6 8. f4 Ne7 9. Nf3 c5 10. Ng3 Bxf1 11. Nxf1 Nbc6 12. c3 O-O 13. Ne3 Rac8 14.
O-O cxd4 15. cxd4 Na5 16. b3 Rc7 17. g4 f6 18. exf6 gxf6 19. g5 Ng6 20. Ng4 fxg5 21. fxg5 Qe7 22. Nfe5 Nxe5 23. Nxe5 Nc6 24. Ng4 Qg7 25.
Rxf8+ Kxf8 26. Nf6 h6 27. h4 hxg5 28. hxg5 Qg6 29.
Rc1 Rg7 30. Rxc6 Qxf6 31. Rc8+ Kf7 32. Rc7+ Kg8 33. Rc8+ Kh7 34. Qh2+ 1-0

[Event "*** Titled Tuesday 3|2 Blitz"]
[Site "Chess.com"]
[Date "2016.04.05"]
[Round "1"]
[White "AndrewMcStone"]
[Black "x-3738459472"]
[Result "0-1"]
[WhiteElo "1935"]
[BlackElo "2380"]
[TimeControl "180+2"]
[EndTime "11:38:39 PDT"]
[Termination "x-3738459472 won by resignation"]

1. d4 d5 2. c4 c6 3. Nc3 Nf6 4. e3 Bf5 5. cxd5 cxd5 6. Qb3 Nc6 7. Qxb7 Bd7 8. Nb5 Rc8 9. Bd2 e6 10. Nf3 Ne4 11. Bd3 Nxd2 12. Nxd2 Nb4 13. Ke2 Nxd3 14.
Kxd3 Bc6 15. Qa6 Bd7 16. Rhc1 Be7 17. Rxc8 Bxc8 18. Qc6+ Bd7 19. Nc7+ Kf8 20. Qc3 Bd6 21.
Rc1 Bxc7 22. Qxc7 Bb5+ 0-1

[Event "*** Titled Tuesday 3|2 Blitz"]
[Site "Chess.com"]
[Date "2016.04.05"]
[Round "1"]
[White "Titus369"]
[Black "BillieKimbah"]
[Result "0-1"]
[WhiteElo "2228"]
[BlackElo "2537"]
[TimeControl "180+2"]
[EndTime "11:38:43 PDT"]
[Termination "BillieKimbah won by resignation"]

1. e4 e5 2. Nf3 Nc6 3. Bb5 a6 4.
Ba4 Nf6 5. O-O Be7 6. Bxc6 dxc6 7. Qe1 c5 8. Nxe5 Qd4 9. Nf3 Qxe4 10. Qxe4 Nxe4 11. Re1 Nd6 12. Nc3 Be6 13. d4 Nf5 14. d5 Bd7 15. Bf4 Kd8 16. Ne5 Be8 17. Rad1 Nd6 18. Ne4 f6 19. Nxc5 fxe5 20. Bxe5 Bf7 21.
Ne6+ Bxe6 22. dxe6 Ke8 23. Bxg7 Rg8 24. Bc3 Rd8 25. g3 Nb5 26. Be5 Rxd1 27. Rxd1 Rg6 28. c4 Rxe6 29. Bf4 Nd6 30. c5 Ne4 31. b4 b6 32. f3 Nc3 33. Rd3 Ne2+ 34. Kf2 Nxf4 35. gxf4 bxc5 36. bxc5 Bxc5+ 37. Kg3 Bd6 38. Kg4 Rg6+ 39. Kf5 Kf7 0-1

[Event "*** Titled Tuesday 3|2 Blitz"]
[Site "Chess.com"]
[Date "2016.04.05"]
[Round "1"]
[White "HZMC92"]
[Black "wonderfultime"]
[Result "0-1"]
[WhiteElo "2317"]
[BlackElo "2622"]
[TimeControl "180+2"]
[EndTime "11:38:50 PDT"]
[Termination "wonderfultime won by resignation"]

1. d4 d5 2. c4 c6 3. cxd5 cxd5 4. Nc3 Nf6 5. Nf3 Nc6 6. Bf4 Bf5 7. e3 a6 8. Bd3 Bxd3 9. Qxd3 e6 10. O-O Be7 11.
Rac1 O-O 12. h3 Nd7 13. a3 Rc8 14. Na4 Qa5 15. Qb3 b5 16. Nc5 Nxc5 17. dxc5 Rfd8 18.
Qc3 b4 19. Qd3 bxa3 20. Qxa3 Qxa3 21. bxa3 f6 22. Rc3 e5 23. Bg3 Kf7 24. Rfc1 Ke6 25.
Nd2 Rb8 26. Rb3 Rxb3 27. Nxb3 Rb8 28. Nd2 Rb5 29. f4 Rxc5 30. Rd1 Rc3 31. Nb1 Rxe3 32. f5+ Kxf5 33. Rxd5 Rxg3 0-1

[Event "*** Titled Tuesday 3|2 Blitz"]
[Site "Chess.com"]
[Date "2016.04.05"]
[Round "1"]
[White "jk13"]
[Black "Andrejkin"]
[Result "1-0"]
[WhiteElo "2440"]
[BlackElo "2113"]
[TimeControl "180+2"]
[EndTime "11:39:00 PDT"]
[Termination "jk13 won by resignation"]

1. e4 c5 2. c3 d6 3. d4 cxd4 4. cxd4 Nf6 5. Nc3 g6 6. Nf3 Bg7 7. h3 O-O 8. Be2 Nc6 9. O-O a6 10. Be3 b5 11. a3 Bb7 12. Rc1 Rc8 13. Bd3 Na5 14. Nd2 Nd7 15. b4 Nc6 16. Nb3 Nb6 17.
Ne2 e6 18. Qd2 Ne7 19. Na5 Ba8 20. Bg5 Qd7 21. Rxc8 Rxc8 22. Rc1 Nc6 23. Nb3 Na4 24. Bh6 Ne7 25. Bxg7 Kxg7 26. h4 Rxc1+ 27. Qxc1 Qc6 28. Qxc6 Nxc6 29. f4 Nb2 30. Nec1 Nxd3 31. Nxd3 Nb8 32. e5 dxe5 33. dxe5 Kf8 34. Ndc5 Ke7 35. Kf2 Kd8 36.
Nd4 Kc7 37. g4 Kb6 38. Ke3 Bd5 39. f5 gxf5 40. gxf5 exf5 41. Kf4 Nc6 42. Nxc6 Bxc6 43. Kxf5 Bd5 44. Kf6 a5 45. Nd7+ Kc7 46. Nf8 axb4 47. axb4 Ba2 48. Nxh7 Kc6 49. Ng5 Kd5 50. Nxf7 Kc4 51.
e6 Kxb4 52. e7 1-0

[Event "*** Titled Tuesday 3|2 Blitz"]
[Site "Chess.com"]
[Date "2016.04.05"]
[Round "1"]
[White "Grootneus"]
[Black "joppie2"]
[Result "0-1"]
[WhiteElo "2037"]
[BlackElo "2393"]
[TimeControl "180+2"]
[EndTime "11:39:01 PDT"]
[Termination "joppie2 won by checkmate"]

1. e4 d5 2. exd5 Qxd5 3. Nc3 Qd6 4. d4 Nf6 5. Nf3 Bg4 6. Be2 Nc6 7. h3 Bxf3 8. Bxf3 O-O-O 9. Bxc6 Qxc6 10. O-O e5 11. Bg5 exd4 12. Bxf6 gxf6 13. Qg4+ Kb8 14. Rad1 Bc5 15.
Ne4 Rhg8 16. Qf5 Bb6 17. Rfe1 Qxc2 18. Qxf6 d3 19. Rd2 Qc4 20. Qf5 a6 21. Nf6 Qb4 22. Red1 Rg6 23. Nd7+ Rxd7 24. Qxd7 Qe4 25. g4 h5 26. Qxd3 Qf4 27. Qd8+ Ka7 28. Rd4 Qf3 29. R4d3 Qxf2+ 30. Kh1 hxg4 31. Qd5 gxh3 32. Rf3 Rg1+ 33. Rxg1 Qxg1# 0-1

[Event "*** Titled Tuesday 3|2 Blitz"]
[Site "Chess.com"]
[Date "2016.04.05"]
[Round "1"]
[White "pKiLz5Rn9b"]
[Black "cool64chess"]
[Result "1-0"]
[WhiteElo "2505"]
[BlackElo "2199"]
[TimeControl "180+2"]
[EndTime "11:39:10 PDT"]
[Termination "pKiLz5Rn9b won by resignation"]

1. e4 e6 2. d4 d5 3. Nd2 Be7 4. Ngf3 Nf6 5. e5 Nfd7 6. Bd3 c5 7. c3 Nc6 8. h4 b6 9. O-O a5 10. c4 Ba6 11. cxd5 Bxd3 12. dxc6 Nb8 13. Re1 Nxc6 14. Ne4 Bxe4 15. Rxe4 Qd5 16. Rg4 Nxd4 17. Nxd4 cxd4 18. Rxg7 Qxe5 19. Qf3 Qxg7 20. Qxa8+ Bd8 21. Qc6+ Kf8 22. Bf4 Kg8 23. Rc1 h6 24. Qd7 Kh7 25. h5 Rg8 26. g3 e5 27. Qf5+ Kh8 28. Bxe5 f6 29.
Bxd4 Qg5 30. Qxg5 hxg5 31. Rc6 Rf8 32. Rc8 Kg7 33. h6+ Kf7 34. h7 1-0

[Event "*** Titled Tuesday 3|2 Blitz"]
[Site "Chess.com"]
[Date "2016.04.05"]
[Round "1"]
[White "EltajSafarli"]
[Black "Bentery"]
[Result "1-0"]
[WhiteElo "2626"]
[BlackElo "2309"]
[TimeControl "180+2"]
[EndTime "11:39:30 PDT"]
[Termination "EltajSafarli won by resignation"]

1. d4 d5 2. Nf3 Nf6 3. c4 dxc4 4. e3 b5 5. a4 b4 6. Bxc4 e6 7.
O-O Bb7 8. Qe2 Nbd7 9. Rd1 c5 10. Nbd2 Qb8 11. b3 Bd6 12. h3 O-O 13. Bb2 cxd4 14.
Nxd4 a6 15. Rac1 Ne5 16. N2f3 Nxc4 17. Rxc4 Bd5 18. Rcc1 Qb7 19. Nc6 Bxc6 20. Rxd6 Bd5 21. Nd2 Ne8 22. Rxd5 Qxd5 23. Nc4 Rc8 24. Rd1 Qg5 25.
Nb6 Rd8 26. Nd7 Nc7 27. Nxf8 Kxf8 28. Rc1 Qe7 29. Qg4 f6 30. Bd4 Rd5 31. Bb6 Ne8 32.
Qc4 Kf7 33. e4 Rd7 34. Qxa6 Qd6 35. Qb5 Qd2 36. Qh5+ g6 37. Qxh7+ Ng7 38. Be3 Qb2 39. Bh6 f5 40. exf5 exf5 41. Qxg7+ Qxg7 42. Bxg7 Kxg7 43. Rc4 1-0

[Event "*** Titled Tuesday 3|2 Blitz"]
[Site "Chess.com"]
[Date "2016.04.05"]
[Round "1"]
[White "Usurpov"]
[Black "Angry_Serb"]
[Result "1-0"]
[WhiteElo "2219"]
[BlackElo "2492"]
[TimeControl "180+2"]
[EndTime "11:39:32 PDT"]
[Termination "Usurpov won by resignation"]

1. e4 e5 2. Nf3 d6 3. Nc3 Nf6 4. d4 exd4 5. Nxd4 Be7 6. Be2 O-O 7. Bf4 c6 8. Qd2 b5 9. f3 b4 10. Nd1 d5 11. Nf2 dxe4 12. fxe4 Bc5 13. O-O-O Qb6 14.
Be3 Nbd7 15. Rhe1 Ne5 16. Bf1 Rd8 17. Kb1 Neg4 18. Nxg4 Bxg4 19. Be2 Bxe2 20. Rxe2 Nxe4 21. Qe1 Nc3+ 22. bxc3 bxc3+ 23. Nb3 Rxd1+ 24. Qxd1 Bxe3 25. Qe1 Bc5 26. Qxc3 Rd8 27. Qxc5 Qc7 28. Re7 Qxh2 29. Qxc6 Qf4 30. Re8+ 1-0

[Event "*** Titled Tuesday 3|2 Blitz"]
[Site "Chess.com"]
[Date "2016.04.05"]
[Round "1"]
[White "GMNeiksans"]
[Black "Journey_to_GrandMaster_YT"]
[Result "1-0"]
[WhiteElo "2646"]
[BlackElo "2340"]
[TimeControl "180+2"]
[EndTime "11:39:38 PDT"]
[Termination "GMNeiksans won by resignation"]

1. d4 d6 2. e4 Nf6 3. Nc3 e5 4.
Nge2 Nbd7 5. g3 Be7 6. Bg2 O-O 7.
O-O c6 8. a4 a5 9. h3 Re8 10. Be3 Bf8 11. g4 Qc7 12. Ng3 exd4 13. Bxd4 Ne5 14. g5 Nfd7 15. f4 Ng6 16. Nf5 Nc5 17.
Qh5 d5 18. Bxg7 Bxg7 19. Nxg7 Kxg7 20. f5 Nf4 21. Qh6+ Kh8 22. g6 fxg6 23. Rxf4 gxf5 24.
exd5 Ne4 25. Nxe4 Qb6+ 26. Kh1 Qxb2 27. Nf6 Qxa1+ 28. Kh2 Qxf6 29. Qxf6+ Kg8 30. dxc6 Re6 31. Qd8+ Kg7 32. Qc7+ Kf6 33. cxb7 Bxb7 34. Qxb7 Rg8 35.
Rxf5+ Kxf5 36. Qf7+ Ke5 37. Qxg8 1-0

[Event "*** Titled Tuesday 3|2 Blitz"]
[Site "Chess.com"]
[Date "2016.04.05"]
[Round "1"]
[White "smurfo"]
[Black "jup1978"]
[Result "1-0"]
[WhiteElo "2555"]
[BlackElo "2246"]
[TimeControl "180+2"]
[EndTime "11:39:49 PDT"]
[Termination "smurfo won by checkmate"]

1. e4 e5 2. Nf3 Nc6 3. Bb5 a6 4. Bxc6 dxc6 5. Nc3 f6 6. d4 exd4 7. Nxd4 c5 8. Nde2 Qxd1+ 9. Nxd1 Be6 10. Bf4 O-O-O 11.
Ne3 Ne7 12. Rd1 Rxd1+ 13. Kxd1 Ng6 14. Bg3 Bd6 15. c4 Rd8 16. Kc2 c6 17. Rd1 Bxg3 18.
Rxd8+ Kxd8 19. hxg3 Ne5 20. b3 Ke7 21. f4 Ng4 22. Nxg4 Bxg4 23. Nc1 Bd7 24. Nd3 b6 25. Kd2 a5 26. Ke3 Bg4 27. Nf2 Bd7 28. f5 g5 29. g4 Kd6 30. Nd3 h6 31. e5+ Ke7 32. Ke4 Be8 33. Nf2 Bf7 34. Nd1 fxe5 35. Kxe5 a4 36.
Nc3 axb3 37. axb3 b5 38. f6+ Kd7 39. Ne4 bxc4 40. Nxc5+ Kc7 41. bxc4 Bg8 42. Ne4 Bxc4 43. Nd6 Bd5 44. f7 Bxf7 45. Nxf7 Kd7 46. Nxh6 Ke7 47.
Kf5 c5 48. Kxg5 c4 49. Nf5+ Ke6 50. Ne3 c3 51. Kf4 Kf6 52. g5+ Kg6 53. Kg4 Kg7 54. Kf5 Kf7 55. g6+ Kg7 56. Kg5 Kg8 57. Kf6 Kf8 58. g7+ Kg8 59. g4 Kh7 60. Nf5 c2 61. Kf7 c1=Q 62. g8=Q# 1-0

[Event "*** Titled Tuesday 3|2 Blitz"]
[Site "Chess.com"]
[Date "2016.04.05"]
[Round "1"]
[White "coalescenet"]
[Black "jncool68"]
[Result "0-1"]
[WhiteElo "2196"]
[BlackElo "2498"]
[TimeControl "180+2"]
[EndTime "11:39:51 PDT"]
[Termination "jncool68 won by resignation"]

1. d4 Nf6 2. c4 e6 3. Nf3 Bb4+ 4.
Bd2 Qe7 5. g3 O-O 6. Bg2 Nc6 7.
O-O Bxd2 8. Qxd2 d6 9. Nc3 e5 10. d5 Nb8 11. Ne1 Nbd7 12. f4 exf4 13. gxf4 Nc5 14. b4 Nce4 15. Qe3 Re8 16. Nxe4 Nxe4 17. Rc1 a5 18. a3 axb4 19. axb4 Ra2 20. Rc2 Ra4 21.
Nd3 Bf5 22. Qd4 Nf6 23. c5 h5 24. cxd6 Qxd6 25. Rc5 Rxe2 26. Ne5 Raa2 27. Bf3 Rxh2 28.
Nc4 Qe7 29. Qe5 Qxe5 30. fxe5 Ng4 31. Rxc7 Bd3 32. Rc1 Bxc4 33. R7xc4 Nxe5 34. Rc8+ Kh7 35. Be4+ g6 36. d6 Rhe2 37. Bd5 Rad2 38. Bxb7 Rxd6 39. R8c2 Rxc2 40. Rxc2 Rb6 41. Bd5 Rxb4 42. Rf2 Kg7 43. Bg2 Rb1+ 44. Bf1 Ng4 45. Rf3 f5 46. Kg2 Rb2+ 47.
Kg3 Nh2 48. Rf4 Nxf1+ 49. Rxf1 Kf6 50. Ra1 Kg5 51. Rf1 Rb3+ 52. Kg2 h4 53. Kh1 Kh5 54. Rg1 g5 55. Rf1 f4 56. Rg1 h3 57.
Rf1 Kh4 58. Ra1 g4 59. Ra4 Rb1+ 60. Kh2 0-1

[Event "*** Titled Tuesday 3|2 Blitz"]
[Site "Chess.com"]
[Date "2016.04.05"]
[Round "1"]
[White "Lupul_Cenusiu"]
[Black "Fawolizzo"]
[Result "1-0"]
[WhiteElo "2374"]
[BlackElo "1923"]
[TimeControl "180+2"]
[EndTime "11:39:54 PDT"]
[Termination "Lupul_Cenusiu won on time"]

1. d4 Nf6 2. c4 e6 3. Nc3 Bb4 4. e3 c5 5. Bd3 O-O 6. Nf3 b6 7.
Bd2 Bb7 8. O-O d5 9. cxd5 exd5 10. dxc5 Bxc5 11. Rc1 Nbd7 12. Nb5 a6 13. Nbd4 Rc8 14. a4 Re8 15. Qe2 a5 16. Bb5 Re4 17. Bc3 Rg4 18. h3 Rg6 19. Bxd7 Nxd7 20. Rfd1 Qe7 21. Kh1 Qe4 22. Qf1 Re8 23. Rd2 Nb8 24. Qb5 Ba6 25. Qb3 Bc4 26. Qc2 Qxc2 27. Rcxc2 Ba6 28. b3 Bb7 29. Bb2 Na6 30. Rc1 Nb4 31. Nb5 h5 32. Bd4 Rc6 33. Bxc5 bxc5 34. Kg1 Rb8 35. Nc3 1-0

[Event "*** Titled Tuesday 3|2 Blitz"]
[Site "Chess.com"]
[Date "2016.04.05"]
[Round "1"]
[White "GGuseinov"]
[Black "alexsuper1987"]
[Result "1-0"]
[WhiteElo "2534"]
[BlackElo "2223"]
[TimeControl "180+2"]
[EndTime "11:40:00 PDT"]
[Termination "GGuseinov won by resignation"]

1. e4 Nc6 2. d4 d5 3. e5 f6 4.
exf6 Nxf6 5. Nf3 Bg4 6. Bb5 Qd7 7. O-O a6 8. Bxc6 Qxc6 9. h3 Bh5 10. Qd3 Bg6 11.
Qe3 Bxc2 12. Nc3 e6 13. Re1 Be4 14. Ne5 Qd6 15. f3 Bf5 16. g4 Bg6 17. Qg5 Bf7 18.
Bf4 h6 19. Qh4 Rg8 20. Nxf7 Qxf4 21. Ne5 Qxd4+ 22. Kh1 O-O-O 23. Rad1 Qf4 24. Qf2 Bd6 25. Nf7 Rd7 26. Rd4 Qh2+ 27. Qxh2 Bxh2 28. Nxh6 Rh8 29. Kxh2 gxh6 30. Rxe6 Rf8 31. Rf4 Rdf7 32. Rf5 c6 33. Kg3 Kd7 34. Re1 b5 35. b4 Kd6 36. a4 Nd7 37. Rxf7 Rxf7 38. axb5 axb5 39. f4 Nf6 40. h4 Rg7 41. g5 hxg5 42. hxg5 Nd7 43. Kg4 Nb6 44. f5 Nc4 45. f6 Rg8 46. f7 Rf8 47. g6 Ne5+ 48. Rxe5 Kxe5 49. g7 Rxf7 50. g8=Q Rf4+ 51. Kg3 Rxb4 52. Qg7+ Kd6 53. Qf8+ 1-0

[Event "*** Titled Tuesday 3|2 Blitz"]
[Site "Chess.com"]
[Date "2016.04.05"]
[Round "1"]
[White "HovmoellerHest"]
[Black "MinhGTrAn"]
[Result "0-1"]
[WhiteElo "2336"]
[BlackElo "2640"]
[TimeControl "180+2"]
[EndTime "11:40:04 PDT"]
[Termination "MinhGTrAn won by resignation"]

1. d4 Nf6 2. c4 e6 3. Nc3 Bb4 4.
Qc2 O-O 5. a3 Bxc3+ 6. Qxc3 b6 7. Bg5 Bb7 8. Nf3 h6 9. Bh4 d6 10. e3 Nbd7 11. Be2 a5 12. b3 g5 13. Bg3 Ne4 14. Qc2 Qe7 15. Bd3 f5 16. a4 h5 17.
h4 g4 18. Ng1 e5 19. O-O-O exd4 20. exd4 Nxg3 21. fxg3 Qe3+ 22. Qd2 Qxd4 23. Ne2 Qg7 24. Nf4 Nc5 25. Qb2 Rae8 26. Rhe1 Nxd3+ 27. Nxd3 Qxb2+ 28. Kxb2 Bxg2 29. Nf4 Bf3 30. Rc1 Kf7 31. Nxh5 Re5 32. Nf4 Rfe8 33. Nd3 Re2+ 34. Kc3 R8e3 35. Rxe2 Bxe2 36.
Kd2 Rxd3+ 37. Kxe2 Rxg3 38. Rf1 Kg6 39. h5+ Kg5 40.
Rh1 Rh3 0-1